Match 24275180
Unlisted

Match 24275180
End
Construct Infanterie Kompanie
Grenadier Squad
Grenadier Squad
MG 42 Machine Gun Team
Construct Panzergrenadier Kompanie
Panzergrenadier Squad
251 Medium Carrier
Panzergrenadier Officer Quarters
Selects Mechanized Battlegroup
Selects Mechanized Battlegroup
Selects Raid Package
Pak 40 Anti-tank Gun Team
insane
UH|ck
iceman
Viplala
small axe
Hardi
0
0

Comments sign in to comment!

No comments posted yet!